| TOP OF THE 1ST |
|
Dunedin Blue Jays batting - Pitching for West Palm Beach Expos : RHP Carlos Montano
|
|
Pitching: RHP Carlos Montano
|
|
|
Batting: SHB Albert Hall
|
0-0: Ball 1-0: Ball 2-0: Foul Ball, location: 2F 2-1: Called Strike 2-2: Foul Ball, location: 2F 2-2: Ground out 5-3 (Groundball, 56, EV 82.5 MPH)
|
|
Batting: LHB Gary Fulton
|
0-0: Ball 1-0: Foul Ball, location: 2F 1-1: Foul Ball, location: 2F 1-2: Foul Ball, location: 2F 1-2: Ball 2-2: Foul Ball, location: 2F 2-2: Ball 3-2: Fly out, F9 (Flyball, 9S, EV 79.4 MPH)
|
|
Batting: LHB Ray Cosey
|
0-0: Fly out, F8 (Line Drive, 8LD, EV 88.1 MPH)
|
| Top of the 1st over - 0 runs, 0 hits, 0 errors, 0 left on base; Dunedin 0 - West Palm Beach 0 |
| BOTTOM OF THE 1ST |
|
West Palm Beach Expos batting - Pitching for Dunedin Blue Jays : RHP Scott Whaley
|
|
Pitching: RHP Scott Whaley
|
|
|
Batting: RHB Matthew Gundelfinger
|
0-0: Called Strike 0-1: Ball 1-1: Ball 2-1: Ball 3-1: Base on Balls
|
|
Batting: SHB Terry Pendleton
|
0-0: Ball 1-0: Foul Ball, location: 2F 1-1: Swinging Strike 1-2: Strikes out swinging
|
|
Batting: RHB Steve Kiefer
|
0-0: Ball 1-0: Ball 2-0: Called Strike 2-1: Fielders Choice at 2nd, 4-6 (Groundball, 4M, EV 87.5 MPH)
|
|
Batting: SHB Mark Pirruccello
|
0-0: Ball 1-0: Ball 2-0: Called Strike 2-1: Foul Ball, location: 2F 2-2: Fly out, F7 (Flyball, 7S, EV 84.4 MPH)
|
| Bottom of the 1st over - 0 runs, 0 hits, 0 errors, 1 left on base; Dunedin 0 - West Palm Beach 0 |
| TOP OF THE 2ND |
|
Dunedin Blue Jays batting - Pitching for West Palm Beach Expos : RHP Carlos Montano
|
|
Batting: RHB Dale Berra
|
0-0: Called Strike 0-1: Swinging Strike 0-2: Foul Ball, location: 2F 0-2: Ball 1-2: Fly out, F8 (Flyball, 8RD, EV 100.0 MPH)
|
|
Batting: RHB Dann Bilardello
|
0-0: Fly out, F8 (Flyball, 78XD, EV 102.5 MPH)
|
|
Batting: LHB Michael Pisarkiewicz
|
0-0: Swinging Strike 0-1: Foul Ball, location: 2F 0-2: Ball 1-2: Ball 2-2: Ball 3-2: Base on Balls
|
|
Batting: RHB Randy Lavigne
|
0-0: Called Strike 0-1: Called Strike 0-2: Strikes out swinging
|
| Top of the 2nd over - 0 runs, 0 hits, 0 errors, 1 left on base; Dunedin 0 - West Palm Beach 0 |
| BOTTOM OF THE 2ND |
|
West Palm Beach Expos batting - Pitching for Dunedin Blue Jays : RHP Scott Whaley
|
|
Batting: RHB Don Berti
|
0-0: Called Strike 0-1: Ball 1-1: Fly out, F9 (Flyball, 9LD, EV 109.4 MPH)
|
|
Batting: LHB Jesus Alfes
|
0-0: Ball 1-0: Called Strike 1-1: Foul Ball, location: 2F 1-2: Ball 2-2: Reached on error, E6 (Groundball, 6S, EV 83.8 MPH)
|
|
Batting: LHB Keith Hughes
|
0-0: Foul Ball, location: 2F 0-1: Ball 1-1: Ball 2-1: Fly out, F7 (Flyball, 78D, EV 103.8 MPH)
|
|
Batting: RHB Humberto Cardenas
|
0-0: Swinging Strike 0-1: Ball 1-1: Ball 2-1: Ball 3-1: Foul Ball, location: 2F 3-2: Base on Balls Jesus Alfes to second
|
|
Batting: RHB Jesse Moore
|
0-0: Ball 1-0: Fielders Choice at 2nd, 5-4 (Groundball, 5, EV 107.5 MPH)
|
| Bottom of the 2nd over - 0 runs, 0 hits, 1 error, 2 left on base; Dunedin 0 - West Palm Beach 0 |
| TOP OF THE 3RD |
|
Dunedin Blue Jays batting - Pitching for West Palm Beach Expos : RHP Carlos Montano
|
|
Batting: RHB Tony Walker
|
0-0: Ball 1-0: Ball 2-0: Ball 3-0: Called Strike 3-1: Fly out, F5 (Popup, 5F, EV 69.4 MPH)
|
|
Batting: RHB Mario Ramirez
|
0-0: Called Strike 0-1: SOLO HOME RUN (Flyball, 7D, EV 96.9 MPH), Distance : 373 ft
|
|
Batting: SHB Albert Hall
|
0-0: Ball 1-0: Called Strike 1-1: DOUBLE (Line Drive, 7LM, EV 93.1 MPH)
|
|
Batting: LHB Gary Fulton
|
0-0: Ball 1-0: Called Strike 1-1: Swinging Strike 1-2: Ball 2-2: Fly out, F8 (Flyball, 78D, EV 86.9 MPH)
|
|
Batting: LHB Ray Cosey
|
0-0: Called Strike 0-1: Ground out 6-3 (Groundball, 6, EV 79.4 MPH)
|
| Top of the 3rd over - 1 run, 2 hits, 0 errors, 1 left on base; Dunedin 1 - West Palm Beach 0 |
| BOTTOM OF THE 3RD |
|
West Palm Beach Expos batting - Pitching for Dunedin Blue Jays : RHP Scott Whaley
|
|
Batting: RHB Matthew Gundelfinger
|
0-0: Ball 1-0: Called Strike 1-1: Called Strike 1-2: Strikes out looking
|
|
Batting: SHB Terry Pendleton
|
0-0: Swinging Strike 0-1: SINGLE (Groundball, 6MD, EV 98.1 MPH)
|
|
Batting: RHB Steve Kiefer
|
0-0: Ball 1-0: Called Strike Pickoff Throw to First - Error! E1 Terry Pendleton to second 1-1: Ball 2-1: Ground out 4-3 (Groundball, 34, EV 104.4 MPH) Terry Pendleton to third
|
|
Batting: SHB Mark Pirruccello
|
0-0: Ball 1-0: Foul Ball, location: 2F 1-1: Called Strike 1-2: Foul Ball, location: 2F 1-2: Foul Ball, location: 2F 1-2: SINGLE (Line Drive, 6D, EV 96.9 MPH) Terry Pendleton scores
|
|
Batting: RHB Don Berti
|
0-0: Ball 1-0: Swinging Strike 1-1: Foul Ball, location: 2F 1-2: Strikes out swinging
|
| Bottom of the 3rd over - 1 run, 2 hits, 1 error, 1 left on base; Dunedin 1 - West Palm Beach 1 |
| TOP OF THE 4TH |
|
Dunedin Blue Jays batting - Pitching for West Palm Beach Expos : RHP Carlos Montano
|
|
Batting: RHB Dale Berra
|
0-0: Called Strike 0-1: Ball 1-1: Ball 2-1: Swinging Strike 2-2: Ball 3-2: SINGLE (Line Drive, 78S, EV 86.9 MPH)
|
|
Batting: RHB Dann Bilardello
|
0-0: Called Strike 0-1: Ball 1-1: Fly out, F3 (Popup, 34S, EV 81.3 MPH)
|
|
Batting: LHB Michael Pisarkiewicz
|
0-0: Ball 1-0: Ball 2-0: Ball 3-0: Base on Balls Dale Berra to second
|
|
Batting: RHB Randy Lavigne
|
0-0: Ball 1-0: Foul Ball, location: 2F 1-1: Grounds into double play, 6-4-3 (Groundball, 6MD, EV 87.5 MPH)
|
| Top of the 4th over - 0 runs, 1 hit, 0 errors, 1 left on base; Dunedin 1 - West Palm Beach 1 |
| BOTTOM OF THE 4TH |
|
West Palm Beach Expos batting - Pitching for Dunedin Blue Jays : RHP Scott Whaley
|
|
Batting: LHB Jesus Alfes
|
0-0: Foul Ball, location: 2F 0-1: Ball 1-1: Swinging Strike 1-2: Ball 2-2: Fly out, F9 (Line Drive, 9, EV 101.3 MPH)
|
|
Batting: LHB Keith Hughes
|
0-0: Fly out, F8 (Flyball, 8LD, EV 94.4 MPH)
|
|
Batting: RHB Humberto Cardenas
|
0-0: Ball 1-0: Ball 2-0: Called Strike 2-1: Ball 3-1: Base on Balls
|
|
Batting: RHB Jesse Moore
|
0-0: Ball 1-0: Called Strike Humberto Cardenas steals 2nd base 1-1: Foul Ball, location: 2F 1-2: Ball 2-2: Ground out 5-3 (Groundball, 5, EV 105.0 MPH)
|
| Bottom of the 4th over - 0 runs, 0 hits, 0 errors, 1 left on base; Dunedin 1 - West Palm Beach 1 |
| TOP OF THE 5TH |
|
Dunedin Blue Jays batting - Pitching for West Palm Beach Expos : RHP Carlos Montano
|
|
Batting: RHB Tony Walker
|
0-0: Ground out 6-3 (Groundball, 6, EV 76.9 MPH)
|
|
Batting: RHB Mario Ramirez
|
0-0: Ground out 5-3 (Groundball, 56, EV 88.8 MPH)
|
|
Batting: SHB Albert Hall
|
0-0: Ball 1-0: Ball 2-0: Ball 3-0: Base on Balls
|
|
Batting: LHB Gary Fulton
|
0-0: Swinging Strike 0-1: Ball 1-1: Swinging Strike 1-2: Strikes out looking
|
| Top of the 5th over - 0 runs, 0 hits, 0 errors, 1 left on base; Dunedin 1 - West Palm Beach 1 |
| BOTTOM OF THE 5TH |
|
West Palm Beach Expos batting - Pitching for Dunedin Blue Jays : RHP Scott Whaley
|
|
Batting: RHB Matthew Gundelfinger
|
0-0: Ball 1-0: Ball 2-0: Ball 3-0: Called Strike 3-1: DOUBLE (Groundball, 5L, EV 103.8 MPH)
|
|
Batting: SHB Terry Pendleton
|
0-0: Called Strike 0-1: Ball 1-1: Ground out 3-1 (Groundball, 34, EV 88.1 MPH) Matthew Gundelfinger to third
|
|
Batting: RHB Steve Kiefer
|
0-0: Ball 1-0: Ball 2-0: Called Strike 2-1: Fly out, F8 (Flyball, 8LXD, EV 95.6 MPH) Runner from 3rd tags up, SCORES, no throw by CF
|
|
Batting: SHB Mark Pirruccello
|
0-0: Ball 1-0: Called Strike 1-1: Ball 2-1: Swinging Strike 2-2: Strikes out swinging
|
| Bottom of the 5th over - 1 run, 1 hit, 0 errors, 0 left on base; Dunedin 1 - West Palm Beach 2 |
| TOP OF THE 6TH |
|
Dunedin Blue Jays batting - Pitching for West Palm Beach Expos : RHP Carlos Montano
|
|
Batting: LHB Ray Cosey
|
0-0: Swinging Strike 0-1: Fly out, F8 (Flyball, 8RS, EV 76.9 MPH)
|
|
Batting: RHB Dale Berra
|
0-0: Ball 1-0: Ground out 5-3 (Groundball, 56S, EV 74.4 MPH)
|
|
Batting: RHB Dann Bilardello
|
0-0: SINGLE (Groundball, 56D, EV 95.0 MPH)
|
|
Batting: LHB Michael Pisarkiewicz
|
0-0: Called Strike 0-1: Ball 1-1: Foul Ball, location: 2F 1-2: Ball 2-2: Fly out, F9 (Flyball, 89D, EV 103.1 MPH)
|
| Top of the 6th over - 0 runs, 1 hit, 0 errors, 1 left on base; Dunedin 1 - West Palm Beach 2 |
| BOTTOM OF THE 6TH |
|
West Palm Beach Expos batting - Pitching for Dunedin Blue Jays : RHP Scott Whaley
|
|
Batting: RHB Don Berti
|
0-0: Ball 1-0: Ball 2-0: SINGLE (Groundball, P, EV 93.1 MPH) (infield hit)
|
|
Batting: LHB Jesus Alfes
|
0-0: Bunted foul 0-1: Bunted foul 0-2: Ball 1-2: Fly out, F8 (Line Drive, 8RD, EV 91.9 MPH)
|
|
Batting: LHB Keith Hughes
|
0-0: Ball 1-0: Foul Ball, location: 2F 1-1: Ball 2-1: Foul Ball, location: 2F 2-2: Ball 3-2: Foul Ball, location: 2F 3-2: Base on Balls Don Berti to second
|
|
Batting: RHB Humberto Cardenas
|
0-0: SINGLE (Line Drive, 6M, EV 97.5 MPH) Don Berti to third Keith Hughes to second
|
|
Batting: RHB Jesse Moore
|
0-0: Ball 1-0: Ball 2-0: Foul Ball, location: 2F 2-1: Foul Ball, location: 2F 2-2: Strikes out swinging
|
|
Batting: RHB Matthew Gundelfinger
|
0-0: Called Strike 0-1: Ball 1-1: Ball 2-1: Ball 3-1: Base on Balls Don Berti scores Keith Hughes to third Humberto Cardenas to second
|
|
Pitching: RHP Jesus Cortez
|
|
|
Batting: SHB Terry Pendleton
|
0-0: Called Strike 0-1: Ball 1-1: Ball 2-1: Fly out, F9 (Flyball, 89M, EV 81.9 MPH)
|
| Bottom of the 6th over - 1 run, 2 hits, 0 errors, 3 left on base; Dunedin 1 - West Palm Beach 3 |
| TOP OF THE 7TH |
|
Dunedin Blue Jays batting - Pitching for West Palm Beach Expos : RHP Carlos Montano
|
|
Batting: RHB Randy Lavigne
|
0-0: Called Strike 0-1: Ball 1-1: SINGLE (Groundball, 6MD, EV 102.5 MPH)
|
|
Batting: RHB Tony Walker
|
0-0: Ball 1-0: Called Strike 1-1: Ball 2-1: Fielders Choice at 2nd, 6-4 (Groundball, 6MS, EV 82.5 MPH)
|
|
Batting: RHB Mario Ramirez
|
0-0: Ball 1-0: Called Strike 1-1: Ball 2-1: Ball 3-1: Base on Balls Tony Walker to second
|
|
Batting: SHB Albert Hall
|
0-0: Called Strike 0-1: Ball 1-1: Ball 2-1: Fly out, F7 (Line Drive, 7, EV 101.3 MPH)
|
|
Batting: LHB Gary Fulton
|
0-0: Called Strike 0-1: Ball 1-1: Ball 2-1: Foul Ball, location: 2F 2-2: Ball 3-2: DOUBLE (Flyball, 89XD, EV 98.1 MPH) Tony Walker scores Mario Ramirez to third Mario Ramirez scores
|
|
Batting: LHB Ray Cosey
|
0-0: Ball 1-0: Swinging Strike 1-1: Foul Ball, location: 2F 1-2: Strikes out swinging
|
| Top of the 7th over - 2 runs, 2 hits, 0 errors, 1 left on base; Dunedin 3 - West Palm Beach 3 |
| BOTTOM OF THE 7TH |
|
West Palm Beach Expos batting - Pitching for Dunedin Blue Jays : RHP Jesus Cortez
|
|
Batting: RHB Steve Kiefer
|
0-0: Ball 1-0: Called Strike 1-1: Ball 2-1: Ball 3-1: Foul Ball, location: 2F 3-2: Strikes out looking
|
|
Batting: SHB Mark Pirruccello
|
0-0: Ball 1-0: Called Strike 1-1: Swinging Strike 1-2: Strikes out swinging
|
|
Batting: RHB Don Berti
|
0-0: Ground out 4-3 (Groundball, 34, EV 106.9 MPH)
|
| Bottom of the 7th over - 0 runs, 0 hits, 0 errors, 0 left on base; Dunedin 3 - West Palm Beach 3 |
| TOP OF THE 8TH |
|
Dunedin Blue Jays batting - Pitching for West Palm Beach Expos : RHP Carlos Montano
|
|
Batting: RHB Dale Berra
|
0-0: Ball 1-0: Called Strike 1-1: Fly out, F8 (Flyball, 8LD, EV 108.8 MPH)
|
|
Batting: RHB Dann Bilardello
|
0-0: Ground out 4-3 (Groundball, 34, EV 83.8 MPH)
|
|
Batting: LHB Michael Pisarkiewicz
|
0-0: Ball 1-0: Ball 2-0: Ball 3-0: Base on Balls
|
|
Batting: RHB Randy Lavigne
|
0-0: Ball 1-0: Called Strike 1-1: Foul Ball, location: 2F 1-2: Ball 2-2: Strikes out swinging
|
| Top of the 8th over - 0 runs, 0 hits, 0 errors, 1 left on base; Dunedin 3 - West Palm Beach 3 |
| BOTTOM OF THE 8TH |
|
West Palm Beach Expos batting - Pitching for Dunedin Blue Jays : RHP Jesus Cortez
|
|
Batting: LHB Jesus Alfes
|
0-0: Called Strike 0-1: Fly out, F8 (Flyball, 8RD, EV 81.9 MPH)
|
|
Batting: LHB Keith Hughes
|
0-0: Ball 1-0: Foul Ball, location: 2F 1-1: Foul Ball, location: 2F 1-2: Foul Ball, location: 2F 1-2: Foul Ball, location: 2F 1-2: Strikes out swinging
|
|
Batting: RHB Humberto Cardenas
|
0-0: Ball 1-0: Foul Ball, location: 2F 1-1: Ball 2-1: SINGLE (Groundball, 4MS, EV 63.1 MPH) (infield hit)
|
|
Batting: RHB Jesse Moore
|
0-0: Ball 1-0: Called Strike 1-1: Ball Humberto Cardenas steals 2nd base 2-1: Fly out, F6 (Line Drive, 6, EV 75.0 MPH)
|
| Bottom of the 8th over - 0 runs, 1 hit, 0 errors, 1 left on base; Dunedin 3 - West Palm Beach 3 |
| TOP OF THE 9TH |
|
Dunedin Blue Jays batting - Pitching for West Palm Beach Expos : RHP Carlos Montano
|
|
Pitching: RHP Michael Vint
|
|
|
Batting: RHB Tony Walker
|
0-0: Ball 1-0: Called Strike 1-1: Foul Ball, location: 2F 1-2: Ground out 5-3 (Groundball, 56, EV 84.4 MPH)
|
|
Batting: RHB Mario Ramirez
|
0-0: Ball 1-0: Ground out 5-3 (Groundball, 56, EV 103.8 MPH)
|
|
Batting: SHB Albert Hall
|
0-0: Ball 1-0: Foul Ball, location: 2F 1-1: Ball 2-1: Fly out, F6 (Popup, 6, EV 55.6 MPH)
|
| Top of the 9th over - 0 runs, 0 hits, 0 errors, 0 left on base; Dunedin 3 - West Palm Beach 3 |
| BOTTOM OF THE 9TH |
|
West Palm Beach Expos batting - Pitching for Dunedin Blue Jays : RHP Jesus Cortez
|
|
Batting: RHB Matthew Gundelfinger
|
0-0: Foul Ball, location: 2F 0-1: Foul Ball, location: 2F 0-2: Foul Ball, location: 2F 0-2: Ball 1-2: Ball 2-2: Strikes out looking
|
|
Batting: SHB Terry Pendleton
|
0-0: Ball 1-0: SOLO HOME RUN (Flyball, 89XD, EV 98.1 MPH), Distance : 402 ft
|
| Bottom of the 9th over - 1 run, 1 hit, 0 errors, 0 left on base; Dunedin 3 - West Palm Beach 4 |
|